 Dungeon Crawl Stone Soup version 0.31.0-11-ge490571c62 (webtiles) character file.

Game seed: 9798115059749986855

73 qw the Shooter (level 4, -5/22 HPs)
             Began as a Spriggan Hunter on Feb 5, 2024.
             Slain by a black bear (6 damage)
             ... on level 2 of the Dungeon.
             The game lasted 00:00:08 (985 turns).

qw the Shooter (Spriggan Hunter)                     Turns: 985, Time: 00:00:09

Health: -5/22      AC:  2    Str:  7    XL:     4   Next: 8%
Magic:  0/5        EV: 19    Int: 10    God:
Gold:   52         SH:  0    Dex: 20    Spells: 3/3 levels left

rFire   . . .        a - +0 shortbow
rCold   . . .        (shield currently unavailable)
rNeg    . . .        c - +0 robe
rPois   +            (helmet restricted)
rElec   .            (no cloak)
rCorr   .            (gloves unavailable)
SInv    +            (boots unavailable)
Will    .....        i - amulet of guardian spirit
Stlth   ++           k - ring of poison resistance
HPRegen 0.23/turn    (no ring)
MPRegen 0.09/turn

%: guardian spirit
@: very quick
A: very small, no large weapons, unfitting armour, see invisible, speed 3
a: no special abilities


You were on level 2 of the Dungeon.
You visited 1 branch of the dungeon, and saw 2 of its levels.

You collected 52 gold pieces.


Innate Abilities, Weirdness & Mutations

You are very small and have problems with some larger weapons.
You are too small for most types of armour.
You have supernaturally acute eyesight. (SInv)
You cover ground extremely quickly. (Speed+++)


   Skills:
 - Level 1.5 Fighting
 - Level 5.1 Ranged Weapons
 + Level 4.1 Dodging
 - Level 1.5 Stealth


You had 3 spell levels left.
You didn't know any spells.
Your spell library was empty.

Inventory:

Hand Weapons
 a - a +0 shortbow (weapon)
Armour
 c - a +0 robe (worn)
Jewellery
 i - an amulet of guardian spirit (around neck)
 k - a ring of poison resistance (left hand)
Potions
 h - a potion of enlightenment {unknown}

Dungeon Overview and Level Annotations

Branches:
Dungeon (2/15)

Altars:


Message History

The black bear bites you but does no damage.
The black bear closely misses you. The black bear misses you.
You shoot an arrow.
The arrow completely misses the black bear.
The arrow misses the adder.
The frilled lizard hisses angrily.
The black bear completely misses you. The black bear closely misses you. x2
You shoot an arrow. The arrow hits the black bear.
The black bear is heavily wounded.
The black bear bites you but does no damage.
The black bear closely misses you. The black bear barely misses you.
You shoot an arrow. The arrow hits the black bear.
The black bear is severely wounded.
The adder bites you. The black bear closely misses you. x2
The black bear barely misses you. The adder completely misses you.
You shoot an arrow. The arrow hits the black bear.
The black bear is severely wounded.
The black bear closely misses you. The black bear claws you.
The black bear completely misses you. The adder misses you.
The black bear closely misses you. The black bear claws you.
The black bear closely misses you.
You shoot an arrow. The arrow hits the black bear.
The black bear is severely wounded.
The adder closely misses you. The black bear bites you.
The black bear barely misses you. The black bear misses you.
The adder bites you.
You shoot an arrow.
The arrow closely misses the black bear.
The black bear goes berserk!
The adder bites you.
Enter note:
Enter note:
984 ||| RETREEEEATING.
The adder attacks as it pursues you! The adder bites you but does no damage.
The frilled lizard closely misses you.
Enter note:
Enter note:
985 ||| RETREEEEATING.
The black bear attacks as it pursues you!
The black bear bites you. The black bear claws you!
You die...

.....>.....<.#
##.........
.............#
..........
.............#
..........
.............# ........
.............# ......
.............### #...#
...............###S..#
...........###......##
####..###...#...@hl<.#
#.####.#..>...........
##.#................#...
#....#.#.####...........
#.#.##.#..# ##.....##...
#.#.##.##..# .%.....#...
#.#.##.# #..#.......# ..
#.#.##.# #.#........
#.#.##.# .#


You could see a black bear (berserk), an adder and a frilled lizard.

Vanquished Creatures
  A howler monkey (D:2)
  A dart slug (D:2)
  7 endoplasms
  2 giant cockroaches (D:1)
  A goblin (D:1)
  5 hobgoblins (D:1)
  4 kobolds
  4 ball pythons
  3 bats (D:1)
  3 frilled lizards (D:1)
  A rat (D:1)
32 creatures vanquished.

Notes
Turn   | Place    | Note
-------+----------+-------------------------------------------
     0 | D:1      | qw the Spriggan Hunter began the quest for the Orb.
     0 | D:1      | Reached XP level 1. HP: 10/10 MP: 2/2
     0 | D:1      | 0 ||| qw: Version: 0.3-a-160-g6735b56
     0 | D:1      | 0 ||| qw: Game counter: 6156
     0 | D:1      | 0 ||| qw: Melee chars always use a shield: true
     0 | D:1      | 0 ||| qw: God list: Okawaru
     0 | D:1      | 0 ||| qw: Allow faded altars: false
     0 | D:1      | 0 ||| qw: Do Orc after clearing Dungeon:15 true
     0 | D:1      | 0 ||| qw: Do second Lair branch before Depths: true
     0 | D:1      | 0 ||| qw: Lair rune preference: random
     0 | D:1      | 0 ||| qw: Goals: Normal
     0 | D:1      | 0 ||| PLANNING D:1-11
    23 | D:1      | Reached skill level 3 in Dodging
   103 | D:1      | Reached XP level 2. HP: 14/14 MP: 3/3
   641 | D:1      | Reached XP level 3. HP: 18/18 MP: 4/4
   847 | D:1      | 847 ||| UPGRADING to amulet of guardian spirit.
   852 | D:1      | 852 ||| DROPPING amulet of magic regeneration.
   853 | D:1      | 853 ||| UPGRADING to ring of poison resistance.
   854 | D:1      | 854 ||| READING scroll labelled CYFRUTTI BOPLO.
   855 | D:1      | 855 ||| READING scroll labelled XURCHA OLALLUBY.
   856 | D:1      | 856 ||| READING scroll labelled RIH TOONUDAULU.
   856 | D:1      | 856 ||| IDENTIFYING glowing pink potion
   857 | D:1      | 857 ||| DROPPING scroll of butterflies.
   858 | D:1      | 858 ||| DROPPING potion of magic.
   958 | D:2      | Reached skill level 5 in Ranged Weapons
   958 | D:2      | Reached XP level 4. HP: 22/22 MP: 5/5
   968 | D:2      | Noticed a black bear
   984 | D:2      | 984 ||| RETREEEEATING.
   985 | D:2      | 985 ||| RETREEEEATING.
   985 | D:2      | HP: 1/22 [black bear (6)]
   985 | D:2      | Slain by a black bear

Levels and vault maps discovered:
D:1:      dpeg_arrival_chambers_temple_mockup, layout_loops_ring
D:2:      layout_rooms

Skill      XL: |  1  2  3 |
---------------+----------+-----
Dodging        | 3 4 |  4.1
Ranged Weapons | 5 |  5.1
Fighting       | |  1.5
Stealth        | |  1.5

Action                     |  1- 3 |  4- 6 || total
---------------------------+-------+-------++-------
   Fire: Shortbow          |    67 |    20 ||    87
    Use: Scroll            |     3 |       ||     3
 Armour: Robe              |     2 |    13 ||    15
  Dodge: Dodged            |    12 |    34 ||    46

Table legend:
 A = Non-vault XP
 B = Vault XP
 C = Vault XP percentage of total XP
 D = Non-vault monster count
 E = Vault monster count
 F = Vault count percentage of total count
                 A         B        C        D         E       F
            +---------+---------+-------+---------+---------+-------
      Total |     105 |       0 |   0.0 |      32 |       0 |   0.0
            +---------+---------+-------+---------+---------+-------
        D:1 |      44 |       0 |   0.0 |      26 |       0 |   0.0
        D:2 |      61 |       0 |   0.0 |       6 |       0 |   0.0
            +---------+---------+-------+---------+---------+-------
